 Dungeon Crawl Stone Soup version 0.18.1-48-g4cf74bf (webtiles) character file.

178 MovingMist the Skirmisher (level 5, -2/34 HPs)
             Began as a Gargoyle Fighter on July 27, 2016.
             Slain by Sigmund
             ... wielding a +0 scythe
              (8 damage)
             ... on level 4 of the Dungeon.
             The game lasted 00:09:11 (2338 turns).

MovingMist the Skirmisher (Gargoyle Fighter)        Turns: 2338, Time: 00:09:12

Health: -2/34      AC: 12    Str: 20    XL:     5   Next: 58%
Magic:  5/5        EV:  7    Int:  9    God:
Gold:   85         SH:  9    Dex:  9    Spells: 0 memorised, 4 levels left

rFire  . . .     SeeInvis .     a - +1 flail
rCold  . . .     Gourm    .     b - +0 scale mail
rNeg   + . .     Faith    .     c - +0 shield
rPois  ∞         Spirit   .     (no helmet)
rElec  +         Dismiss  .     (no cloak)
rCorr  .         Reflect  .     j - +0 pair of gloves
SustAt .         Harm     .     (no boots)
MR     .....                    (no amulet)
Stlth  ..........               (no ring)
                                (no ring)

@: not resistant to hostile enchantments, extremely unstealthy
A: negative energy resistance 1, electricity resistance, unbreathing,
petrification resistance, rot immunity, AC +4
a: no special abilities


You were on level 4 of the Dungeon.
You were not hungry.

You visited 1 branch of the dungeon, and saw 4 of its levels.

You collected 85 gold pieces.

Inventory:

Hand Weapons
 a - a +1 flail (weapon)
Armour
 b - a +0 scale mail (worn)
 c - a +0 shield (worn)
 j - a +0 pair of gloves (worn)
Jewellery
 p - an uncursed amulet of rage {unknown}
Wands
 k - a wand of paralysis (7/24)
 l - a wand of random effects (18/48)
Scrolls
 h - a scroll of fear
 o - 2 scrolls of remove curse {unknown}
 q - a scroll of fog {unknown}
Potions
 d - a potion of might
 e - 2 potions of brilliance
 g - a potion of lignification {unknown}
 m - a potion of agility {unknown}
 n - a potion of haste {unknown}
 r - a potion of resistance {unknown}
Comestibles
 f - 5 bread rations
 i - 3 chunks of flesh


   Skills:
 * Level 4.9 Fighting
 + Level 3.0 Maces & Flails
 + Level 4.0 Armour
 + Level 1.0 Dodging
 + Level 4.0 Shields


You had 4 spell levels left.
You didn't know any spells.

Dungeon Overview and Level Annotations

Branches:
Dungeon (3/15)

Altars:

Annotations:
D:4 Sigmund


Innate Abilities, Weirdness & Mutations

You are resistant to torment.
Your stone body is resilient (AC +4).
You are immune to poison.
You resist negative energy.
You are resistant to electric shocks.
You can survive without breathing.
You are immune to petrification.
You are immune to rotting.


Message History

You closely miss something. Something hits you but does no damage.
You closely miss something. Something hits you but does no damage.
You miss something.
You hear some strange, mumbled words.
You are confused.
You bump into the rock wall.
Something hits you!
You barely miss something. Something hits you but does no damage.
Your shield and scale mail prevent you from hitting something.
You hear some strange, mumbled words.
A magic dart appears from out of thin air!
The magic dart hits you!
* * * LOW HITPOINT WARNING * * *
You completely miss something. Something hits you but does no damage.
You bump into the rock wall.
You feel less confused. Something hits you.
* * * LOW HITPOINT WARNING * * *
You miss something. You closely miss something. Something hits you!
You die...

#. #. #. #.#####
#.....# #####.###
######### #.#..
........# ##.#.#
#######@# ##....#
#{# ##@..>.. #.#
####.......
#######.##
#..........
..<......#
#@##.......
#######..#
#.###...... #..#
#.........#
##.$#####..####.#.#
#[.....@...........


There were no monsters in sight!

Vanquished Creatures
  Jessica (D:2)
  A worker ant (D:4)
  Robin (D:1)
  5 adders
  A worm (D:2)
  2 dart slugs
  16 bats
  2 giant cockroaches
  8 goblins
  9 hobgoblins
  4 jackals (D:1)
  6 kobolds
  11 giant newts
  4 rats
71 creatures vanquished.

Notes
Turn   | Place    | Note
--------------------------------------------------------------
     0 | D:1      | MovingMist the Gargoyle Fighter began the quest for the Orb.
     0 | D:1      | Reached XP level 1. HP: 14/14 MP: 1/1
   284 | D:1      | Reached XP level 2. HP: 12/19 MP: 2/2
   715 | D:1      | Reached XP level 3. HP: 24/24 MP: 3/3
   950 | D:2      | Noticed Robin
  1338 | D:1      | Killed Robin
  1338 | D:1      | Reached XP level 4. HP: 14/29 MP: 4/4
  1697 | D:2      | Noticed Jessica
  1711 | D:2      | Killed Jessica
  1711 | D:2      | Reached skill level 1 in Dodging
  1808 | D:2      | Reached XP level 5. HP: 34/34 MP: 5/5
  2251 | D:3      | You fall through a shaft!
  2289 | D:4      | Noticed Sigmund
  2338 | D:4      | Slain by Sigmund

Skill      XL: |  1  2  3  4  5 |
---------------+----------------+-----
Fighting       | 4 |  4.9
Dodging        | 1 |  1.0
Maces & Flails | 3 |  3.0
Armour         | 4 |  4.0
Shields        | 4 |  4.0

Action                   |  1- 3 |  4- 6 || total
-------------------------+-------+-------++-------
Melee: Flail             |   176 |   128 ||   304
  Use: Scroll            |     2 |     3 ||     5
  Eat: Chunk             |     2 |     3 ||     5
Armor: Scale mail        |   131 |    83 ||   214
Dodge: Dodged            |    73 |    48 ||   121
Block: Shield            |   146 |    87 ||   233
